 Seeded DCSS version 0.30-a0-726-gd89dcf765f (webtiles) character file.

Game seed: 4129031442797403394 (custom seed)

37 purpskrrrp the Digger (level 3, -8/25 HPs)
             Began as a Gnoll Earth Elementalist on Jan 29, 2023.
             Mangled by Terence
             ... wielding a +1 mace of protection
              (11 damage)
             ... on level 2 of the Dungeon.
             The game lasted 00:02:15 (1360 turns).

purpskrrrp the Digger (Gnoll Earth Elementalist)    Turns: 1360, Time: 00:02:16

Health: -8/25      AC:  2    Str:  7    XL:     3   Next: 39%
Magic:  7/9        EV: 13    Int: 16    God:
Gold:   659        SH:  0    Dex: 12    Spells: 11/12 levels left

rFire   . . .      SeeInvis .    e - +1 whip (elec)
rCold   . . .      Faith    .    (no shield)
rNeg    . . .      Spirit   .    a - +0 robe
rPois   .          Reflect  .    (no helmet)
rElec   .          Harm     .    (no cloak)
rCorr   .          Rampage  .    (no gloves)
Will    .....                    (no boots)
Stlth   ++                       (no amulet)
HPRegen 0.24/turn                (no ring)
MPRegen 0.11/turn                (no ring)

@: no status effects
A: fangs 1, strong nose, distributed training
a: no special abilities


You were on level 2 of the Dungeon.
You visited 1 branch of the dungeon, and saw 2 of its levels.

You collected 659 gold pieces.

Inventory:

Hand Weapons
 e - a +1 whip of electrocution (weapon)
 f - a +1 dagger of venom
Armour
 a - a +0 robe (worn)
Jewellery
 h - a +6 ring of dexterity
Wands
 k - a wand of paralysis (5)
Potions
 b - a potion of magic
 d - a potion of invisibility {unknown}
 g - a potion of flight {unknown}
 i - a potion of brilliance {unknown}
 j - a potion of curing {unknown}


   Skills:
 + Level 0.8 Fighting
 + Level 0.8 Short Blades
 + Level 0.8 Long Blades
 + Level 0.8 Axes
 + Level 0.8 Maces & Flails
 + Level 0.8 Polearms
 + Level 0.8 Staves
 + Level 0.8 Ranged Weapons
 + Level 0.8 Throwing
 + Level 0.8 Armour
 + Level 4.5 Dodging
 + Level 4.1 Stealth
 + Level 0.8 Shields
 + Level 0.8 Unarmed Combat
 + Level 5.0 Spellcasting
 + Level 0.5 Conjurations
 + Level 0.5 Hexes
 + Level 0.5 Summonings
 + Level 0.5 Necromancy
 + Level 0.5 Translocations
 + Level 2.1 Transmutations
 + Level 0.5 Fire Magic
 + Level 0.5 Ice Magic
 + Level 0.5 Air Magic
 + Level 5.4 Earth Magic
 + Level 0.5 Poison Magic
 + Level 1.0 Invocations
 + Level 0.8 Evocations


You had 11 spell levels left.
You knew the following spells:

 Your Spells              Type           Power      Damage    Failure   Level
a - Sandblast             Erth           42%        2d11      1%          1

Your spell library contained the following spells:

 Spells                   Type           Power      Damage    Failure   Level
 Passwall                 Tmut/Erth      13%        N/A       4%          2
 Stone Arrow              Conj/Erth      26%        3d8       13%         3
 Petrify                  Tmut/Erth      16%        N/A       32%         4


Dungeon Overview and Level Annotations

Branches:
Dungeon (2/15)

Altars:

Shops:
D:2 (

Annotations:
D:2 Terence


Innate Abilities, Weirdness & Mutations

You have very sharp teeth.
Your uncanny sense of smell can sniff out nearby items.
Your experience applies equally to all skills.


Message History

You hit Terence but do no damage. The rat bites you.
Terence closely misses you.
You hit Terence but do no damage. The rat completely misses you.
Terence hits you with a +1 mace of protection.
You are too injured to fight recklessly!
You are too injured to fight recklessly!
You are too injured to fight recklessly!
You are too injured to fight recklessly!
You are too injured to fight recklessly!
You are too injured to fight recklessly!
You are too injured to fight recklessly!
You are too injured to fight recklessly!
You are too injured to fight recklessly!
You are too injured to fight recklessly!
You are too injured to fight recklessly!
You are too injured to fight recklessly!
You are too injured to fight recklessly!
You are too injured to fight recklessly!
You are too injured to fight recklessly!
You are too injured to fight recklessly!
You are too injured to fight recklessly!
You hit Terence but do no damage. Lightning courses through Terence!
Terence is severely wounded.
The rat closely misses you.
Terence hits you with a +1 mace of protection.
You hit Terence but do no damage.
Terence is severely wounded.
The rat closely misses you.
Terence hits you with a +1 mace of protection!
* * * LOW HITPOINT WARNING * * *
Casting: Sandblast (safe; 1% risk of failure)
Confirm with . or Enter, or press ? or * to list all spells.
Aiming: Sandblast (safe; 1% risk of failure)
Press: ? - help, Shift-Dir - straight line, f/p - Terence
Aim: Terence, wielding a +1 mace of protection and wearing a +0 chain mail (severely wounded, 87% to hit)
The blast of sand hits Terence but does no damage.
Terence is severely wounded.
The rat closely misses you.
Terence hits you with a +1 mace of protection!
You die...

#...###†..# #...
###.###.#)##########.#
###'#<..#.(...†.......
#....§.##############.
#§§§§..# . #§§§§§.# .
#.§§§§.# . #...§§§§..#
. #....§.@@.+ ∆ .
#...§.§.r.# #
#.........#
#.........#
#.........#
#.........# .........#
.........#


You could see Terence and a rat.

Vanquished Creatures
  A dart slug (D:1)
  2 endoplasms
  2 goblins
  6 hobgoblins
  3 quokkas
  A ball python (D:1)
  5 bats (D:1)
  A frilled lizard (D:2)
  7 kobolds
  4 rats (D:1)
32 creatures vanquished.

Notes
Turn   | Place    | Note
-------+----------+-------------------------------------------
     0 | D:1      | purpskrrrp the Gnoll Earth Elementalist began the quest for
                  | the Orb.
     0 | D:1      | Reached XP level 1. HP: 13/13 MP: 6/6
   277 | D:1      | Reached XP level 2. HP: 19/19 MP: 5/7
   773 | D:1      | Reached skill level 5 in Spellcasting
   773 | D:1      | Reached XP level 3. HP: 25/25 MP: 6/9
  1149 | D:1      | Identified a scroll of acquirement
  1149 | D:1      | Acquired 560 gold pieces
  1269 | D:2      | Reached skill level 1 in Invocations
  1343 | D:2      | Found Bock's Antique Weapon Shoppe.
  1348 | D:2      | Noticed Terence
  1360 | D:2      | Mangled by Terence

Illustrated notes

Levels and vault maps discovered:
D:1:      minmay_arrival_open_corners, layout_basic
D:2:      layout_basic, serial_shops, shop, uniq_terence

Skill      XL: |  1  2  3 |
---------------+----------+-----
Transmutations | 2 |  2.1
Spellcasting   | 5 |  5.0
Invocations    | 1 |  1.0
Fighting       | |  0.8
Short Blades   | |  0.8
Long Blades    | |  0.8
Axes           | |  0.8
Maces & Flails | |  0.8
Polearms       | |  0.8
Staves         | |  0.8
Ranged Weapons | |  0.8
Throwing       | |  0.8
Armour         | |  0.8
Dodging        | |  4.5
Stealth        | |  4.1
Shields        | |  0.8
Unarmed Combat | |  0.8
Conjurations   | |  0.5
Hexes          | |  0.5
Summonings     | |  0.5
Necromancy     | |  0.5
Translocations | |  0.5
Fire Magic     | |  0.5
Ice Magic      | |  0.5
Air Magic      | |  0.5
Earth Magic    | |  5.4
Poison Magic   | |  0.5
Evocations     | |  0.8

Action                     || total
---------------------------++-------
  Melee: Dagger            ||     3
         Bite              ||     2
         Whip              ||    14
   Cast: Sandblast         ||    36
    Use: Scroll            ||     4
 Armour: Robe              ||     1
  Dodge: Dodged            ||    10

Table legend: (Time is in decaauts)
 A = Elapsed time spent in this place.
 B = Non-inter-level travel time spent in this place.
 C = Inter-level travel time spent in this place.
 D = Time resting spent in this place.
 E = Time spent auto-exploring this place.
 F = Levels seen in this place.
 G = Mean time per level.
                   A        B        C        D        E       F      G
               +--------+--------+--------+--------+--------+-----+--------+
         Total |   1376 |   1334 |     42 |      0 |   1127 |   2 |  688.0 |
       Dungeon |   1376 |   1334 |     42 |      0 |   1127 |   2 |  688.0 |
               +--------+--------+--------+--------+--------+-----+--------+

Top non-repeatable levels by time:
     D:1: 1248 daAuts
     D:2: 128 daAuts
